 Dungeon Crawl Stone Soup version 0.26-b1-32-g5d43845318 (webtiles) character file.

Game seed: 5588668728122958348

1010 Borgoz the Skirmisher (level 8, 0/69 HPs)
             Began as a Ghoul Gladiator on Jan 13, 2021.
             Killed from afar by an electric eel (5 damage)
             ... with a bolt of electricity
             ... on level 6 of the Dungeon.
             The game lasted 00:06:18 (6879 turns).

Borgoz the Skirmisher (Ghoul Gladiator)             Turns: 6879, Time: 00:06:19

Health: 0/69       AC:  5    Str: 19    XL:     8   Next: 21%
Magic:  7/7        EV: 14    Int:  3    God:
Gold:   286        SH:  0    Dex: 11    Spells: 7/7 levels left

rFire    . . .     SeeInvis +   s - +0 morningstar
rCold    + . .     Faith    .   (no shield)
rNeg     + + +     Spirit   .   b - +0 leather armour
rPois    ∞         Reflect  .   c - +1 helmet
rElec    .         Harm     .   r - scarf {repulsion}
rCorr    .         Rampage  .   (no gloves)
Will     .....                  (no boots)
Stlth    +.........             (no amulet)
HPRegen  0.00/turn              m - ring of see invisible (curse)
MPRegen  0.10/turn              (no ring)

@: repel missiles
A: claws 1, cold resistance 1, negative energy resistance 3, inhibited
regeneration, torment resistance, unbreathing
a: no special abilities


You were on level 6 of the Dungeon.
You visited 1 branch of the dungeon, and saw 6 of its levels.

You collected 286 gold pieces.

Inventory:

Hand Weapons
 s - a +0 morningstar (weapon)
Missiles
 d - 3 throwing nets (quivered)
Armour
 b - a +0 leather armour (worn)
 c - a +1 helmet (worn)
 r - a scarf of repulsion (worn)
Jewellery
 m - a cursed ring of see invisible (left claw)
Scrolls
 a - a scroll of identify
 f - a scroll of fog
 i - 4 scrolls of teleportation
 k - a scroll of blinking {unknown}
 l - a scroll of enchant weapon {unknown}
 q - 5 scrolls of remove curse
Potions
 e - a potion of invisibility
 h - a potion of might {unknown}
 j - 2 potions of flight {unknown}
 n - a potion of cancellation {unknown}
 o - 2 potions of curing {unknown}
 p - a potion of haste
 t - a potion of brilliance


   Skills:
 * Level 5.4 Fighting
 * Level 5.0 Maces & Flails
 - Level 1.7 Throwing
 * Level 4.0 Armour
 * Level 5.0 Dodging


You had 7 spell levels left.
You didn't know any spells.
Your spell library was empty.

Dungeon Overview and Level Annotations

Branches:
Dungeon (6/15)
 Temple: D:4-7

Altars:
Ashenzari
Fedhas
Gozag
Hepliaklqana
Kikubaaqudgha
Nemelex Xobeh
Ru
Sif Muna
The Shining One

Annotations:
D:5 3 runed translucent doors, Jehan's ghost, novice HOFi


Innate Abilities, Weirdness & Mutations

You thrive by killing the living.
You are immune to poison.
You have sharp fingernails.
Your flesh is cold resistant. (rC+)
You are immune to negative energy. (rN+++)
You do not regenerate when monsters are visible.
You are immune to unholy pain and torment.
You can survive without breathing.


Message History

You feel much better.
You closely miss the electric eel.
The electric eel shoots out a bolt of lightning at you!
The bolt of electricity hits you!
The electric eel shoots out a bolt of lightning at you!
The bolt of electricity hits you!
* * * LOW HITPOINT WARNING * * *
You miss the electric eel. You closely miss the electric eel.
You thump the electric eel!
The electric eel is severely wounded.
The electric eel shoots out a bolt of lightning at you!
The bolt of electricity hits you!
* * * LOW HITPOINT WARNING * * *
Okay, then.
You closely miss the electric eel.
The electric eel is severely wounded.
The electric eel shoots out a bolt of lightning at you!
The bolt of electricity hits you.
You die...

#≈........##
#≈.........#
#≈....†.....
#≈...###....
##≈≈#..#.##... ≈≈#
##≈≈###......##
#≈≈#######≈≈####......##
#≈≈≈≈≈;≈≈≈...#......###
#..##@..#..........#
#.##..###.........#
#....#####.......##
#.#...###.......#.#
###.......#..##.#
#†.....##...... .
#......###...... .
........## .....
............ .##..


You could see an electric eel.

Vanquished Creatures
  Grinder (D:6)
  An ogre (D:5)
  A bullfrog (D:6)
  2 howler monkeys
  A centaur zombie (D:3)
  A bullfrog zombie (D:3)
  4 orc wizards (D:4)
  A centaur skeleton (D:6)
  An iguana (D:6)
  Ijyb (D:5)
  7 worker ants
  5 adders
  A white imp (D:6)
  2 adder skeletons
  2 dart slugs
  5 leopard geckos
  19 orcs
  3 bats
  6 giant cockroaches
  4 goblins
  9 hobgoblins
  9 jackals
  3 quokkas
  2 ball pythons
  5 frilled lizards
  6 kobolds
  11 rats
113 creatures vanquished.

Vanquished Creatures (others)
  An adder (D:6)
1 creature vanquished.

Grand Total: 114 creatures vanquished

Notes
Turn   | Place    | Note
-------+----------+-------------------------------------------
     0 | D:1      | Borgoz the Ghoul Gladiator began the quest for the Orb.
     0 | D:1      | Reached XP level 1. HP: 17/17 MP: 0/0
    98 | D:1      | Reached XP level 2. HP: 17/25 MP: 1/1
   846 | D:1      | Reached XP level 3. HP: 27/30 MP: 2/2
  1073 | D:2      | Reached skill level 1 in Armour
  1731 | D:2      | Found a hazy altar of Hepliaklqana.
  1814 | D:2      | Found an opulent altar of Gozag.
  1815 | D:2      | Found a sparkling altar of Nemelex Xobeh.
  1982 | D:2      | Reached XP level 4. HP: 35/37 MP: 3/3
  2008 | D:2      | Found a glowing golden altar of the Shining One.
  2894 | D:3      | Reached XP level 5. HP: 14/45 MP: 4/4
  3171 | D:3      | Found a blossoming altar of Fedhas.
  3826 | D:4      | Reached XP level 6. HP: 35/52 MP: 5/5
  4140 | D:4      | HP: 2/52 [orc wizard/+0 dagger (2)]
  4675 | D:4      | Found a shimmering blue altar of Sif Muna.
  5144 | D:5      | Entered Level 5 of the Dungeon
  5150 | D:5      | Reached XP level 7. HP: 59/59 MP: 6/6
  5281 | D:5      | Found a runed translucent gate.
  5281 | D:5      | Found a runed translucent gate.
  5281 | D:5      | Found a runed translucent gate.
  5281 | D:5      | Noticed Jehan's ghost (novice HOFi)
  5436 | D:5      | Noticed Ijyb
  5462 | D:5      | Killed Ijyb
  6040 | D:5      | Found a sacrificial altar of Ru.
  6042 | D:5      | Found a broken altar of Ashenzari.
  6045 | D:5      | Found an ancient bone altar of Kikubaaqudgha.
  6443 | D:6      | Noticed Grinder
  6457 | D:6      | Paralysed by Grinder for 2 turns
  6462 | D:6      | Paralysed by Grinder for 5 turns
  6501 | D:6      | Killed Grinder
  6502 | D:6      | Reached skill level 5 in Fighting
  6502 | D:6      | Reached XP level 8. HP: 11/68 MP: 7/7
  6869 | D:6      | Reached skill level 5 in Maces & Flails
  6869 | D:6      | Reached skill level 5 in Dodging
  6879 | D:6      | Killed from afar by an electric eel

Illustrated notes

Levels and vault maps discovered:
D:1:      saegor_arrival_simple_c, layout_basic
D:2:      layout_loops_cross, grunt_temple_overflow_opulence,
          lemuel_round_altar, nzn_hepliaklqana_mist_gate
D:3:      layout_loops_ring, lemuel_coloured_pillars_altar
D:4:      layout_basic, tgw_sif
D:5:      layout_cave_pools, chequers_temple_overflow_statue_of_worship,
          ebering_ghost_rock_garden, palyth_stone_intersect, uniq_ijyb
D:6:      layout_cave_pools, minmay_temple_entry_hall, water_maze_lemuel,
          uniq_grinder

Skill      XL: |  1  2  3  4  5  6  7  8 |
---------------+-------------------------+-----
Dodging        | 3 4 5 |  5.0
Maces & Flails | 3 4 5 |  5.0
Armour         | 1 2 3 4 |  4.0
Fighting       | 3 4 5 |  5.4
Throwing       | |  1.7

Action                   |  1- 3 |  4- 6 |  7- 9 || total
-------------------------+-------+-------+-------++-------
Melee: Flail             |   157 |    69 |       ||   226
       Whip              |    32 |       |       ||    32
       Morningstar       |       |   163 |   143 ||   306
  Use: Scroll            |     7 |     4 |     2 ||    13
       Potion            |       |     3 |     4 ||     7
Armor: Leather armour    |    71 |    58 |    49 ||   178
Dodge: Dodged            |   146 |   181 |   144 ||   471
       Repelled          |       |     4 |       ||     4
